 Dungeon Crawl Stone Soup version 0.32-a0-132-g2d33c3cfaf (webtiles) character file.

Game seed: 9832664564406579664

3812 SmokeWeed the Nimble (level 10, -1/71 HPs)
             Began as a Merfolk Enchanter on Feb 9, 2024.
             Was a Believer of Dithmenos.
             Slain by Erica (3 damage)
             ... on level 8 of the Dungeon.
             The game lasted 00:46:15 (9484 turns).

SmokeWeed the Nimble (Merfolk Enchanter)            Turns: 9484, Time: 00:46:17

Health: -1/71      AC:  6    Str: 13 (15) XL:     10   Next: 17%
Magic:  9/25       EV: 19    Int: 12 (14) God:    Dithmenos [**....]
Gold:   493        SH:  0    Dex: 18 (19) Spells: 11/18 levels left

rFire   . . .        c - +4 dagger (drain)
rCold   . . .        (no shield)
rNeg    . . .        b - +2 robe
rPois   .            G - +0 hat
rElec   .            r - +0 cloak
rCorr   .            (no gloves)
SInv    +            d - +0 pair of boots
Will    .....        A
                       - Hermit's Pendant {Faith Invo=14 Evo=0 MP+5}
Stlth   +++++        p - +6 ring of strength
HPRegen 0.31/turn    w - +5 ring of evasion
MPRegen 0.19/turn

%: faith
@: brilliant, weakened, attractive, wreathed by umbra, constricted
A: (nimble swimmer 2), mertail
a: Renounce Religion, Shadow Step


You were on level 8 of the Dungeon.
You worshipped Dithmenos.
Dithmenos was pleased with you.
You visited 2 branches of the dungeon, and saw 9 of its levels.

You collected 493 gold pieces.

Inventory:

Hand Weapons
 a - a +1 dagger
 c - a +4 dagger of draining (weapon)
 g - a +1 dagger of protection
 o - a +0 orcbow
 N - the +1 flail of Yteamn {pain, *Corrode rC++ Int+8}
   (You found it on level 7 of the Dungeon)

   Int+8:     It affects your intelligence (+8).
   rC++:      It greatly protects you from cold.
   *Corrode:  It may corrode you when you take damage.
Missiles
 q - 23 poisoned darts
 x - a boomerang
 K - 4 datura-tipped darts
Armour
 b - a +2 robe (worn)
 d - a +0 pair of boots (worn)
 j - a +0 ring mail
 r - a +0 cloak (worn)
 G - a +0 hat (worn)
 I - a +0 leather armour
Magical Staves
 h - a staff of conjuration
Jewellery
 i - a ring of wizardry
 p - a +6 ring of strength (left hand)
 u - a ring of flight
 v - an amulet of reflection
 w - a +5 ring of evasion (right hand)
 y - a ring of poison resistance
 A - the Hermit's Pendant (around neck) {Faith Invo=14 Evo=0 MP+5}
   (You found it on level 5 of the Dungeon)

   [amulet of faith]

   Invo=14: It sets your Invocations skill to 14.
   Evo=0: It sets your Evocations skill to 0.
   Faith:     It allows you to gain divine favour quickly.
   MP+5:      It affects your magic capacity (+5).
 J - the ring of Greed {Will+ Dex+3}
   (You found it on level 7 of the Dungeon)

   [ring of willpower]

   Dex+3:     It affects your dexterity (+3).
   Will+:     It increases your willpower.
Wands
 C - a wand of roots (5)
 D - a wand of polymorph (13)
 M - a wand of mindburst (22)
Scrolls
 e - 3 scrolls of poison
 m - 3 scrolls of revelation
 t - 3 scrolls of identify
Potions
 k - 2 potions of magic
 n - 2 potions of cancellation


   Skills:
 * Level 4.1 Fighting
 + Level 5.6 Short Blades
 + Level 0.3 Staves
 + Level 1.6 Throwing
 * Level 8.5 Dodging
 + Level 8.2 Stealth
 + Level 4.6 Spellcasting
 * Level 2.0 Conjurations
 + Level 5.5 Hexes
 * Level 2.1 Translocations
 + Level 5.4 Ice Magic


You had 11 spell levels left.
You knew the following spells:

 Your Spells              Type           Power      Damage    Failure   Level
a - Ensorcelled Hibernat  Hex/Ice        46%        N/A       3%          2
b - Tukima's Dance        Hex            24%        N/A       6%          3
c - Blink                 Tloc           22%        N/A       13%         2

Your spell library contained the following spells:

 Spells                   Type           Power      Damage    Failure   Level
 Confusing Touch          Hex            24%        N/A       6%          3
 Lesser Beckoning         Tloc           22%        N/A       13%         2
 Dazzling Flash           Conj/Hex       34%        N/A       13%         3
 Foxfire                  Conj/Fire      28%        2x1d5     14%         1
 Kiss of Death            Conj/Necr      28%        2d7       14%         1
 Momentum Strike          Conj/Tloc      22%        3d8       14%         2
 Summon Small Mammal      Summ           16%        N/A       22%         1
 Gell's Gravitas          Tloc           11%        N/A       26%         3
 Teleport Other           Tloc           11%        N/A       26%         3
 Stone Arrow              Conj/Erth      14%        3d7       38%         3
 Call Canine Familiar     Summ           4%         N/A       54%         3
 Animate Armour           Summ/Erth      8%         N/A       91%         4
 Animate Dead             Necr           4%         N/A       91%         4
 Dispel Undead            Necr           4%         3d7       91%         4
 Summon Blazeheart Golem  Fire/Summ      4%         N/A       91%         4
 Summon Lightning Spire   Summ/Air       4%         N/A       91%         4
 Lee's Rapid Deconstruct  Erth           2%         3d4*      99%         5
 Dispersal                Tloc           5%         N/A       100%        6
 Plasma Beam              Fire/Air       2%         2x1d12    100%        6
 Starburst                Conj/Fire      3%         6d3       100%        6
 Haunt                    Necr/Summ      2%         N/A       100%        7
 Infestation              Necr           2%         N/A       100%        8
 Lehudib's Crystal Spear  Conj/Erth      3%         10d3      100%        8


Dungeon Overview and Level Annotations

Branches:
Dungeon (8/15)             Temple (1/1) D:4
   Lair: D:8-11

Altars:
Cheibriados
Dithmenos
Elyvilon
Fedhas
Gozag
Hepliaklqana
Kikubaaqudgha
Nemelex Xobeh
Okawaru
Ru
Trog
Uskayaw
Wu Jian
Yredelemnul
Zin
The Shining One

Annotations:
D:4 3 runed translucent doors, DaftaChap's ghost, amateur FoFi; jfitz's ghost, amateur HOFi
D:8 Erica


Innate Abilities, Weirdness & Mutations

((You are very nimble when in or above water. (Stealth+, EV+, Speed+++)))
Your lower body shifts to a powerful aquatic tail in water.


Message History

The yak looks frightened!
Erica hits you.
* * * LOW HITPOINT WARNING * * *
Erica constricts you.
* * * LOW HITPOINT WARNING * * *
You hit Erica.
Erica is lightly wounded.
The howler monkey hoots and howls with incredible vigour!
You hear an angry hiss.
You hear a shout! x3; You hear an angry growl.
You hear a shout! x2
You hit Erica.
Erica is lightly wounded.
You hear a shout!
The gnoll bouda cowers, then darts away.
Erica completely misses you. Erica constricts you.
* * * LOW HITPOINT WARNING * * *
You escape Erica's grasp.
A troll comes into view.
A water moccasin comes into view.
Okay, then.
It was a potion of degeneration.
There was something very wrong with that liquid.
You feel weakened.
You feel dopey.
You feel clumsy. Erica completely misses you. Erica misses you.
It was a potion of brilliance.
You feel clever all of a sudden. Erica misses you. Erica grabs you.
Erica constricts you.
* * * LOW HITPOINT WARNING * * *
It was a potion of attraction.
You feel attractive to monsters. Erica misses you. Erica constricts you.
* * * LOW HITPOINT WARNING * * *
The water moccasin is attracted toward you.
The troll is attracted toward you.
As you read the scroll of revelation, it crumbles to dust.
You feel aware of your surroundings.
You sensed 1 altar.
A steam dragon comes into view.
The water moccasin bites you but does no damage.
The howler monkey hoots and howls with incredible vigour!
Erica hits you.
You die...
Erica begins burbling mirthfully and uncontrollably.

*,*,,,,,**,* * ##...#...##.####
*#** #...#######...## ,..**
#.#.#########.##*********
**,.#####.#.#########.##*,,,,,,,*
**,...#....#########...*,,,,,,,,
#****#...Y..###########.,,,,,,,,,
..#####.#.#.##########.D*,,,,,,,,
#.#.....=....)hx@.......*,,,,,,,,
...)###..########ST####.*,,,,,,,,
###.............##§..##.*,,,,,,,,
#.......#######.........*,,,,,,,,
#.#<################§#..,,,,,,,,,
Y...#*** ########.......,,,,,,,,*
#.#g...#*#######..###.#.,,*,,,,,,
g.#.....########.###..#.*,,,*****
.,.?.....#******,**,,,*,***,,,,,,


You could see Erica, a yak, a troll, a steam dragon, a water moccasin and a
howler monkey (catching breath).

Vanquished Creatures
  Prince Ribbit (D:5)
  Grinder (D:6)
  A wraith (D:8)
  5 yaks (D:8)
  A steam dragon (D:7)
  Menkaure (D:6)
  Duvessa (D:6)
  A black bear (D:5)
  An orc warrior (D:6)
  An ice beast (D:7)
  An ogre (D:5)
  4 centaurs
  A phantom (D:5)
  2 kobold brigands
  A bullfrog (D:7)
  2 scorpions
  A water moccasin zombie (D:4)
  Dowan (D:6)
  2 jellies (D:6)
  A centaur zombie (D:4)
  2 bombardier beetles
  A bullfrog zombie (D:4)
  An orc priest (D:6)
  3 hounds
  4 iguanas
  A sleepcap (D:7)
  2 scorpion zombies
  3 orc wizards
  5 hound zombies
  A howler monkey zombie (D:4)
  3 gnolls
  11 adders
  A shadow imp (D:7)
  An adder zombie (D:4)
  2 adder skeletons (D:4)
  3 ribbon worms
  4 dart slugs
  6 orcs
  3 bats (D:1)
  6 endoplasms
  2 giant cockroaches
  6 goblins
  9 hobgoblins
  3 jackals (D:3)
  14 kobolds
  4 quokkas
  8 ball pythons
  5 frilled lizards
  18 rats
162 creatures vanquished.

Vanquished Creatures (collateral kills)
  Edmund (D:5)
  Ijyb (D:5)
  A gnoll (D:5)
  A kobold (D:7)
4 creatures vanquished.

Vanquished Creatures (others)
  5 dancing weapons
  An orc (D:4)
6 creatures vanquished.

Grand Total: 172 creatures vanquished

Notes
Turn   | Place    | Note
-------+----------+-------------------------------------------
     0 | D:1      | SmokeWeed the Merfolk Enchanter began the quest for the
                  | Orb.
     0 | D:1      | Reached XP level 1. HP: 13/13 MP: 3/3
    68 | D:1      | Reached XP level 2. HP: 19/19 MP: 5/5
    81 | D:1      | Learned a level 2 spell: Ensorcelled Hibernation
   523 | D:1      | Reached XP level 3. HP: 15/24 MP: 6/6
  1176 | D:1      | Learned a level 3 spell: Tukima's Dance
  1814 | D:2      | Reached XP level 4. HP: 30/30 MP: 7/7
  2271 | D:3      | Found a snail-covered altar of Cheibriados.
  2394 | D:3      | Found an iron altar of Okawaru.
  2718 | D:3      | Reached XP level 5. HP: 35/36 MP: 3/8
  2868 | D:3      | Reached skill level 1 in Ice Magic
  3594 | D:4      | Reached skill level 5 in Stealth
  3594 | D:4      | Reached XP level 6. HP: 42/42 MP: 9/9
  3961 | D:4      | Found a staircase to the Ecumenical Temple.
  3975 | Temple   | Entered the Ecumenical Temple
  3991 | Temple   | Became a worshipper of Dithmenos the Shadowed
  4144 | D:4      | Reached skill level 1 in Fighting
  4224 | D:4      | Found an opulent altar of Gozag.
  4348 | D:4      | Reached XP level 7. HP: 46/48 MP: 11/11
  4466 | D:4      | Reached skill level 5 in Dodging
  4850 | D:4      | Found a runed translucent gate.
  4850 | D:4      | Found a runed translucent gate.
  4850 | D:4      | Found a runed translucent gate.
  4852 | D:4      | Noticed jfitz's ghost (amateur HOFi)
  4852 | D:4      | Noticed DaftaChap's ghost (amateur FoFi)
  4958 | D:4      | Reached * piety under Dithmenos
  5453 | D:5      | Entered Level 5 of the Dungeon
  5625 | D:5      | Learned a level 2 spell: Blink
  5632 | D:5      | Reached XP level 8. HP: 50/54 MP: 12/12
  5661 | D:5      | Found a faded altar of an unknown god.
  5661 | D:5      | Found the Hermit's Pendant {Faith Invo=14 Evo=0 MP+5}
  5759 | D:5      | Noticed Edmund
  5762 | D:5      | Noticed Ijyb
  5775 | D:5      | Killed Ijyb
  5778 | D:5      | Killed Edmund
  5917 | D:5      | Found a blossoming altar of Fedhas.
  5921 | D:5      | Noticed Prince Ribbit
  5925 | D:5      | Killed Prince Ribbit
  6403 | D:5      | Found a basalt altar of Yredelemnul.
  6477 | D:6      | Noticed Menkaure
  6483 | D:6      | Killed Menkaure
  6634 | D:6      | Noticed Duvessa
  6710 | D:6      | Noticed Dowan
  6882 | D:6      | Reached XP level 9. HP: 53/61 MP: 19/19
  7049 | D:6      | Reached skill level 5 in Short Blades
  7050 | D:6      | Reached skill level 5 in Ice Magic
  7746 | D:6      | Reached skill level 1 in Throwing
  7861 | D:6      | Noticed Grinder
  7872 | D:6      | Killed Grinder
  7872 | D:6      | Reached ** piety under Dithmenos
  7873 | D:6      | Reached skill level 5 in Hexes
  7988 | D:6      | Found a sparkling altar of Nemelex Xobeh.
  8006 | D:6      | Killed Dowan
  8037 | D:6      | Killed Duvessa
  8826 | D:7      | Reached skill level 1 in Conjurations
  8826 | D:7      | Reached skill level 1 in Translocations
  8828 | D:7      | Identified the ring of Greed {Will+ Dex+3}
  9087 | D:7      | Found a bloodstained altar of Trog.
  9135 | D:7      | Found a white marble altar of Elyvilon.
  9135 | D:7      | Found a glowing golden altar of the Shining One.
  9137 | D:7      | Found a glowing silver altar of Zin.
  9150 | D:7      | Identified the +1 flail of Yteamn {pain, *Corrode rC++
                  | Int+8}
  9260 | D:7      | Noticed an ice devil
  9260 | D:7      | Noticed an ice devil
  9402 | D:8      | Reached XP level 10. HP: 50/71 MP: 9/20
  9430 | D:8      | Noticed Erica
  9482 | D:8      | HP: 3/71 [constriction (3)]
  9484 | D:8      | Slain by Erica

Illustrated notes

Levels and vault maps discovered:
D:1:      dpeg_arrival_ratfight, layout_basic
D:2:      layout_basic, nicolae_half_adder
D:3:      layout_loops_ring, okawaru_trees_1, kennysheep_slug_shrine,
          minmay_misc_feat_rows
D:4:      layout_loops_ring, amcnicky_altar_gilded,
          minmay_temple_entry_steel_oval, nicolae_ossuary_entry_ruins,
          serial_undead, serial_undead_e, serial_undead_b, serial_undead_b,
          serial_undead_c, serial_undead_a, serial_undead_f, serial_undead_b,
          gammafunk_ghost_cemetery, mainiacjoe_sewer_entry_somewhere_in_here_2
D:5:      layout_cave_pools, fedhas_altar_3, lemuel_zombie_altar_yredelemnul,
          grunt_decor_resistance, hellmonk_guarded_unrand_hermit, uniq_ijyb,
          uniq_prince_ribbit1, uniq_edmund
D:6:      nicolae_whirlpool, layout_loops_ring,
          mainiacjoe_overflow_six_doors_small, uniq_duvessa, uniq_grinder,
          uniq_menkaure
D:7:      layout_cave_pools, good_gods_temple_1, lemuel_round_altar,
          hellmonk_guarded_unrand_frostbite
D:8:      layout_rooms, old_standard_altar, minmay_diamond_spiral, uniq_erica
Temple:   hellmonk_temple_rainy

Skill      XL: |  1  2  3  4  5  6  7  8  9 10 |
---------------+-------------------------------+-----
Stealth        | 4 5 6 7 8 |  8.2
Short Blades   | 2 4 5 |  5.6
Dodging        | 3 4 5 6 8 |  8.5
Ice Magic      | 2 3 4 5 |  5.4
Hexes          | 4 5 |  5.5
Fighting       | 1 3 4 |  4.1
Spellcasting   | 3 4 |  4.6
Throwing       | 1 |  1.6
Conjurations   | 1 2 |  2.0
Translocations | 1 2 |  2.1
Staves         | |  0.3

Action                     |  1- 3 |  4- 6 |  7- 9 | 10-12 || total
---------------------------+-------+-------+-------+-------++-------
  Melee: Dagger            |   103 |   152 |   357 |    65 ||   677
         Punch             |     2 |    10 |    27 |     6 ||    45
         Staff             |       |    38 |       |       ||    38
         Tailslap          |       |       |     2 |       ||     2
  Throw: Dart              |       |       |    22 |       ||    22
         Boomerang         |       |       |    11 |       ||    11
   Cast: Ensorcelled Hiber |    16 |    25 |    40 |     3 ||    84
         Tukima's Dance    |       |     2 |    15 |     1 ||    18
         Blink             |       |       |     1 |       ||     1
    Use: Scroll            |     5 |     5 |    10 |     2 ||    22
         Potion            |       |     3 |     7 |     6 ||    16
   Stab: Sleeping          |    20 |    26 |    37 |       ||    83
         Distracted        |       |     1 |     2 |       ||     3
         Invisible         |       |       |     3 |       ||     3
 Armour: Robe              |    41 |   122 |   178 |    12 ||   353
         Skin              |       |       |       |    23 ||    23
  Dodge: Dodged            |    73 |   171 |   327 |    27 ||   598

Table legend: (Time is in decaauts)
 A = Elapsed time spent in this place.
 B = Non-inter-level travel time spent in this place.
 C = Inter-level travel time spent in this place.
 D = Time resting spent in this place.
 E = Time spent auto-exploring this place.
 F = Levels seen in this place.
 G = Mean time per level.
                   A        B        C        D        E       F      G
               +--------+--------+--------+--------+--------+-----+--------+
         Total |   9276 |   9026 |    250 |   1758 |   4776 |   9 | 1030.7 |
       Dungeon |   9248 |   8998 |    250 |   1758 |   4776 |   8 | 1156.0 |
        Temple |     28 |     28 |      0 |      0 |      0 |   1 |   28.0 |
               +--------+--------+--------+--------+--------+-----+--------+

Top non-repeatable levels by time:
     D:6: 2063 daAuts
     D:4: 1597 daAuts
     D:1: 1421 daAuts
     D:3: 1396 daAuts
     D:5: 983 daAuts
     D:2: 948 daAuts
     D:7: 733 daAuts
     D:8: 103 daAuts
  Temple: 28 daAuts
